 Dungeon Sprint DCSS version 0.31-a0-844-gdc52ec4e09 (webtiles) character file.

Game seed: 4364694020920220965

1031 sircluck the Grappler (level 8, -3/138 HPs)
             Began as a Troll Berserker on Sept 29, 2023.
             Was a Believer of Trog.
             Slain by a vampire knight
             ... wielding a +1 dire flail
              (12 damage)
             ... in the Dungeon (Sprint VII: "The Pits").
             The game lasted 00:00:46 (182 turns).

sircluck the Grappler (Troll Berserker)              Turns: 182, Time: 00:00:47

Health: -3/138     AC:  4    Str: 28    XL:     8   Next: 3%
Magic:  7/7        EV: 12    Int:  3    God:    Trog [**....]
Gold:   0          SH:  0    Dex:  9    Spells: 7/7 levels left

rFire   . .          .
                       - Unarmed
rCold   . . .        (no shield)
rNeg    . . .        a - +0 animal skin
rPois   .            (helmet restricted)
rElec   .            (no cloak)
rCorr   .            (gloves unavailable)
SInv    .            (boots unavailable)
Will    .....        (no amulet) Stlth
                     (no ring)
HPRegen 1.23/turn    (no ring)
MPRegen 0.10/turn

%: no teleportation
@: berserking, very quick
A: large, unfitting armour, claws 3, regeneration 1, shaggy fur 1, tough skin 1
a: Renounce Religion, Berserk, Trog's Hand


You were in the Dungeon.
You worshipped Trog.
Trog was pleased with you.
You visited 1 branch

Inventory:

Armour
 a - a +0 animal skin (worn)
Wands
 h - a wand of flame (21)
Scrolls
 g - a scroll of blinking
Potions
 b - a potion of curing
 c - a potion of heal wounds
 d - a potion of haste
 e - 2 potions of magic
 f - a potion of berserk rage


   Skills:
 + Level 9.1 Fighting
 + Level 8.9 Dodging
 + Level 10.6 Unarmed Combat


You had 7 spell levels left.
You didn't know any spells.
Your spell library was empty.

Dungeon Overview and Level Annotations

Branches:
Dungeon (1/1)

Altars:


Innate Abilities, Weirdness & Mutations

You are too large for most types of armour.
You have claws for hands.
Your natural rate of healing is unusually fast.
You are covered in fur. (AC +1)
You have tough skin. (AC +1)


Message History

There is a huge open gate here.
A vampire knight and a sky beast come into view.
You hear a chilling moan.
The vampire knight shouts!
Okay, then.
You scratch the sky beast but do no damage.
The sky beast hits you. The sky beast shocks you.
You closely miss the sky beast.
You fail to use your ability.
You barely miss the vampire knight.
The vampire knight hits you with a +1 dire flail!
The vampire knight bites you!
The vampire knight draws strength from your injuries!
You claw the vampire knight!
The vampire knight is moderately damaged.
A red film seems to cover your vision as you go berserk!
You feel yourself moving faster!
You feel mighty!
The vampire knight hits you with a +1 dire flail!!
The vampire knight barely misses you.
You scratch the vampire knight but do no damage.
The vampire knight is lightly damaged.
The vampire knight hits you with a +1 dire flail!!
* * * LOW HITPOINT WARNING * * *
The vampire knight barely misses you.
You claw the vampire knight!
The vampire knight is moderately damaged.
You scratch the vampire knight.
The vampire knight is heavily damaged.
The vampire knight mumbles some strange words.
The vampire knight flickers and vanishes!
Deactivating autopickup; reactivate with Ctrl-A.
The sky beast hits you.
* * * LOW HITPOINT WARNING * * *
The sky beast shocks you.
* * * LOW HITPOINT WARNING * * *
You barely miss something. Your claw misses something.
The sky beast hits you but does no damage.
Something hits you!!
* * * LOW HITPOINT WARNING * * *
Something bites you!
You die...

..# ..# ######### ..#
....##..# V.#
....##..# ..#
....''..# ..#
....''..##########..#
....##..........@{..#
....##...........Y..#
#####################
#### ...+ ...+ ..##
### #


You could see a sky beast.

Vanquished Creatures
  A shadow wraith (D)
  Psyche (D)
  A polar bear (D)
  An iguana (D)
4 creatures vanquished.

Notes
Turn   | Place    | Note
-------+----------+-------------------------------------------
     0 | D        | sircluck the Troll Berserker began the quest for the Orb.
     0 | D        | Reached XP level 1. HP: 22/22 MP: 0/0
    11 | D        | Noticed a polar bear
    11 | D        | Noticed Psyche
    32 | D        | Killed Psyche
    33 | D        | Reached skill level 7 in Unarmed Combat
    33 | D        | Reached XP level 2. HP: 36/37 MP: 1/1
    33 | D        | Reached XP level 3. HP: 44/45 MP: 2/2
    33 | D        | Reached XP level 4. HP: 52/53 MP: 3/3
    33 | D        | Reached XP level 5. HP: 59/61 MP: 4/4
    51 | D        | Killed a polar bear
    51 | D        | Reached ** piety under Trog
    52 | D        | Reached skill level 9 in Unarmed Combat
    52 | D        | Reached XP level 6. HP: 63/71 MP: 5/5
   101 | D        | Killed a shadow wraith
   102 | D        | Reached skill level 10 in Unarmed Combat
   102 | D        | Reached XP level 7. HP: 32/83 MP: 6/6
   102 | D        | Reached XP level 8. HP: 36/92 MP: 7/7
   170 | D        | Noticed a vampire knight
   182 | D        | Slain by a vampire knight

Illustrated notes

Levels and vault maps discovered:
D:        pitsprint [storerooms_1, entrance_room_1, metal_vault_4, armoury_3,
          mini_pit_1, grid_room_1, main_hall_1, silver_pit, the_coven_3,
          the_vestibule_1, steel_vault_5, golden_pit, hallway_of_sentries,
          crystal_vault_3, iron_vault_1, final_vault]

Skill      XL: |  1  2  3  4  5  6 |
---------------+-------------------+-----
Fighting       | 6 7 9 |  9.1
Dodging        | 6 7 8 |  8.9
Unarmed Combat | 7 9 10 | 10.6

Action                     |  1- 3 |  4- 6 |  7- 9 || total
---------------------------+-------+-------+-------++-------
  Melee: Unarmed           |     5 |    15 |    10 ||    30
 Invoke: Berserk           |     1 |       |     1 ||     2
   Stab: Confused          |       |     2 |       ||     2
 Armour: Animal skin       |     2 |     5 |     9 ||    16
         Skin              |       |     6 |       ||     6
  Dodge: Dodged            |     2 |    26 |     2 ||    30

Table legend: (Time is in decaauts)
 A = Elapsed time spent in this place.
 B = Non-inter-level travel time spent in this place.
 C = Inter-level travel time spent in this place.
 D = Time resting spent in this place.
 E = Time spent auto-exploring this place.
 F = Levels seen in this place.
 G = Mean time per level.
                   A        B        C        D        E       F      G
               +--------+--------+--------+--------+--------+-----+--------+
         Total |    190 |    190 |      0 |     48 |     11 |   1 |  190.0 |
       Dungeon |    190 |    190 |      0 |     48 |     11 |   1 |  190.0 |
               +--------+--------+--------+--------+--------+-----+--------+

Top non-repeatable levels by time:
       D: 190 daAuts
